[Event "Titled Tuesday Blitz November 22 Early 2022"]
[White "Shimanov, Aleksandr"]
[Black "Vagman, Roy"]
[WhiteFideId "4198603"]
[BlackFideId "2828995"]
[WhiteElo "2605"]
[BlackElo "2174"]
[Result "1-0"]
[Round "03"]
[TimeControl "180+1"]
[Date "2022.11.23"]
[WhiteClock "0:01:41"]
[BlackClock "0:00:29"]

1. e4 c5 2. Nf3 g6 3. h4 h6 4. d4 cxd4 5. Nxd4 Nf6 6. Nc3 d6 7. f3 Bg7 8. Be3 Nc6 9. Qd2 Nxd4 10. Bxd4 Be6 11. O-O-O O-O 12. g4 a6 13. g5 hxg5 14. hxg5 Nh5 15. Bxg7 Kxg7 16. f4 Bg4 17. Re1 e5 18. f5 f6 19. Rg1 gxf5 20. exf5 Bxf5 21. gxf6+ Kh7 22. Qg5 Qxf6 23. Qxh5+ Qh6+ 24. Qxh6+ Kxh6 25. Re2 Bg4 26. Rh2+ Bh5 27. Be2 Rf5 28. Ne4 1-0


[Site "https://www.chess.com"]

[Event "Titled Tuesday Blitz November 22 Early 2022"]
[White "Shuvalov, Evgenij"]
[Black "Gabrielian, Artur"]
[WhiteFideId "4187237"]
[BlackFideId "4131002"]
[WhiteElo "2049"]
[BlackElo "2432"]
[Result "0-1"]
[Round "03"]
[TimeControl "180+1"]
[Date "2022.11.23"]
[WhiteClock "0:00:06"]
[BlackClock "0:00:23"]

1. d4 Nf6 2. c4 c5 3. d5 e6 4. Nc3 exd5 5. cxd5 d6 6. e4 g6 7. f4 Bg7 8. Bb5+ Nfd7 9. Bd3 O-O 10. Nf3 Nf6 11. O-O Bg4 12. h3 Bxf3 13. Qxf3 Nbd7 14. Re1 Re8 15. Be3 a6 16. a4 Qc7 17. Bf2 Rab8 18. Rac1 c4 19. Bb1 b5 20. axb5 axb5 21. Ne2 Nc5 22. Nd4 Nfd7 23. Nc6 Ra8 24. b4 cxb3 25. e5 b2 26. Rc2 Ra1 27. Rxb2 dxe5 28. Rxb5 e4 29. Rxc5 Nxc5 30. Bxc5 Rxb1 31. Qf2 e3 32. Qe2 Rxe1+ 33. Qxe1 Qxf4 34. d6 Qe4 35. d7 Qxc6 36. dxe8=Q+ Qxe8 37. Qxe3 Qc8 38. Qf2 Qd7 39. Be3 h5 40. Qf1 Be5 41. Bf4 Qd4+ 42. Kh1 Qxf4 43. Qxf4 Bxf4 44. Kg1 Bg3 45. Kh1 Kg7 46. Kg1 Kf6 47. Kh1 Ke5 48. Kg1 Ke4 49. Kf1 Ke3 50. Kg1 Ke2 51. Kh1 g5 52. Kg1 f5 53. Kh1 g4 54. hxg4 hxg4 55. Kg1 f4 56. Kh1 f3 57. gxf3 gxf3 58. Kg1 Bf4 59. Kh1 f2 60. Kg2 f1=Q# 0-1


[Site "https://www.chess.com"]

[Event "Titled Tuesday Blitz November 22 Early 2022"]
[White "Simonovic, Miroslav"]
[Black "Heinemann, Josefine"]
[WhiteFideId "919152"]
[BlackFideId "12900460"]
[WhiteElo "2043"]
[BlackElo "2300"]
[Result "0-1"]
[Round "03"]
[TimeControl "180+1"]
[Date "2022.11.23"]
[WhiteClock "0:00:15"]
[BlackClock "0:01:38"]

1. d4 Nf6 2. Bg5 Ne4 3. h4 c5 4. dxc5 Nxg5 5. hxg5 Qa5+ 6. Nd2 Qxc5 7. Ngf3 g6 8. c3 Bg7 9. e3 Qc7 10. Bd3 Nc6 11. Qa4 d6 12. O-O-O Bd7 13. Qf4 Be6 14. Kb1 O-O-O 15. Bc4 Ne5 16. Bxe6+ fxe6 17. Nb3 Kb8 18. Nxe5 Bxe5 19. Qf7 Rdf8 20. Qxe6 Rxf2 21. Rdf1 Rhf8 22. Rxf2 Rxf2 23. Rxh7 a6 24. Rxe7 Qc6 25. Re8+ Ka7 26. Qg8 Qe4+ 0-1


[Site "https://www.chess.com"]

[Event "Titled Tuesday Blitz November 22 Early 2022"]
[White "Skibbe, Willi"]
[Black "Roque Sola, Gisela"]
[WhiteFideId "4682190"]
[BlackFideId "5120241"]
[WhiteElo "2360"]
[BlackElo "1961"]
[Result "1-0"]
[Round "03"]
[TimeControl "180+1"]
[Date "2022.11.23"]
[WhiteClock "0:00:32"]
[BlackClock "0:00:15"]

1. Nf3 Nf6 2. g3 g6 3. Bg2 Bg7 4. O-O O-O 5. b3 c5 6. Bb2 Nc6 7. e3 d5 8. c4 d4 9. exd4 cxd4 10. d3 Bg4 11. a3 Ne5 12. Re1 Nxf3+ 13. Bxf3 Bxf3 14. Qxf3 Qd7 15. Nd2 Rfe8 16. Ne4 Nxe4 17. Rxe4 e5 18. Rae1 f5 19. R4e2 Kf7 20. Qg2 e4 21. dxe4 d3 22. Rd2 Bxb2 23. Rxb2 fxe4 24. Rd2 Qd4 25. Rc1 Re7 26. Qf1 Rae8 27. Kg2 Qc5 28. b4 Qf5 29. Qd1 e3 30. fxe3 Rxe3 31. Qf1 Re2+ 32. Rxe2 Rxe2+ 33. Kg1 d2 34. Rd1 Kf6 35. Qxe2 1-0


[Site "https://www.chess.com"]

[Event "Titled Tuesday Blitz November 22 Early 2022"]
[White "Sokolovsky, Yahli"]
[Black "Khandelwal, Ankush"]
[WhiteFideId "2820242"]
[BlackFideId "413470"]
[WhiteElo "2316"]
[BlackElo "2271"]
[Result "0-1"]
[Round "03"]
[TimeControl "180+1"]
[Date "2022.11.23"]
[WhiteClock "0:00:59"]
[BlackClock "0:00:27"]

1. b3 e5 2. Bb2 Nc6 3. e3 Nf6 4. Nf3 e4 5. Nd4 Bc5 6. Nxc6 dxc6 7. c4 O-O 8. Nc3 Re8 9. Qc2 Bg4 10. h3 Bh5 11. g4 Bg6 12. O-O-O a5 13. d4 exd3 14. Bxd3 Bxd3 15. Rxd3 Qe7 16. Rhd1 Ba3 17. Bxa3 Qxa3+ 18. Qb2 Qc5 19. Kb1 b5 20. Rd4 a4 21. b4 Qe5 22. c5 Qh2 23. g5 Nd5 24. Nxd5 cxd5 25. Rxd5 a3 26. Qb3 Qxf2 27. Rd7 Rxe3 28. Qxe3 Qb2# 0-1


[Site "https://www.chess.com"]

[Event "Titled Tuesday Blitz November 22 Early 2022"]
[White "Stankovic, Ivan G"]
[Black "Matveeva, Olga"]
[WhiteFideId "902837"]
[BlackFideId "24107018"]
[WhiteElo "2226"]
[BlackElo "2055"]
[Result "0-1"]
[Round "03"]
[TimeControl "180+1"]
[Date "2022.11.23"]
[WhiteClock "0:00:05"]
[BlackClock "0:00:04"]

1. e4 e6 2. d3 d5 3. Nd2 Nf6 4. Ngf3 Nc6 5. g3 e5 6. Bg2 dxe4 7. dxe4 Bc5 8. O-O O-O 9. h3 a5 10. c3 b6 11. Nb3 Ba6 12. Nxc5 Bxf1 13. Qxf1 bxc5 14. Qc4 Qd1+ 15. Kh2 Nd7 16. b3 a4 17. b4 a3 18. h4 Rfd8 19. Ng5 Rf8 20. Bf3 Qe1 21. Kg2 h6 22. Nh3 Rfd8 23. Bh5 Rf8 24. Bb2 Qd2 25. Bc1 Qe1 26. Ng1 Nb6 27. Qxc5 Na7 28. Bf3 Na4 29. Qxe5 Rfe8 30. Qxc7 Nxc3 31. Bh5 Qxe4+ 32. Bf3 Qe1 33. Bxa8 Nd1 34. Be3 Nxe3+ 35. fxe3 Qxa1 36. e4 Qxa2+ 37. Kh3 Qe6+ 38. Kg2 Nb5 39. Qc6 Nd4 40. Qxe6 Nxe6 41. Bd5 Rb8 42. Ne2 Rxb4 43. Nc3 Rb2+ 44. Kf3 Nd4+ 45. Kf4 Nb5 46. Ke5 Nxc3 47. Kd4 Nxd5 48. exd5 a2 0-1


[Site "https://www.chess.com"]

[Event "Titled Tuesday Blitz November 22 Early 2022"]
[White "Storey, Charles H"]
[Black "Colas, Joshua"]
[WhiteFideId "406686"]
[BlackFideId "2044447"]
[WhiteElo "2252"]
[BlackElo "2347"]
[Result "0-1"]
[Round "03"]
[TimeControl "180+1"]
[Date "2022.11.23"]
[WhiteClock "0:00:04"]
[BlackClock "0:00:22"]

1. c4 e6 2. g3 d5 3. Bg2 Nf6 4. Nf3 dxc4 5. Qa4+ Bd7 6. Qxc4 Bc6 7. d4 Nbd7 8. Nc3 Nb6 9. Qd3 Bb4 10. O-O O-O 11. a3 Bxc3 12. bxc3 Be4 13. Qd1 c5 14. Be3 Nfd5 15. Bd2 Nc4 16. Be1 Rc8 17. Qb3 Na5 18. Qa4 c4 19. Ne5 Bxg2 20. Kxg2 Nb3 21. Rb1 a6 22. e4 Nb6 23. Qb4 f6 24. Nxc4 Nxc4 25. Qxb3 b5 26. a4 f5 27. axb5 axb5 28. Qxb5 fxe4 29. Rb4 Qd5 30. Qxd5 exd5 31. Rb5 Rcd8 32. Kg1 Rf5 33. h3 Rdf8 34. Rb1 Ne3 35. Bd2 Nxf1 36. Rxf1 Rb8 37. Be3 Rf7 38. Ra1 Rfb7 39. Ra5 Rb5 40. Ra7 R8b7 41. Ra6 Kf7 42. Rc6 R5b6 43. Rc8 Rd7 44. c4 dxc4 45. Rxc4 Ke6 46. d5+ Kxd5 47. Rd4+ Kc6 48. Rc4+ Kb5 49. Rxe4 Rc6 50. Re5+ Kc4 51. h4 Kd3 52. Kg2 g6 53. Ra5 h5 54. Ra3+ Ke4 55. Ra4+ Kf5 56. Rf4+ Ke6 57. Rf8 Rf7 58. Rg8 Kd7 59. Ra8 Re6 60. Ra7+ Ke8 61. Ra8+ Ke7 62. Ra7+ Kf6 63. Bd4+ Kf5 64. Ra5+ Ke4 65. Be3 Kd3 66. Ra3+ Kc4 67. Ra4+ Kb5 68. Rd4 Rc7 69. Rd8 Rc2 70. Rb8+ Ka6 71. Kf3 Rf6+ 72. Ke4 Rc4+ 73. Ke5 Rf5+ 74. Ke6 Re4+ 75. Kd6 Rf3 76. Rg8 Rf6+ 77. Kd5 Re7 78. Bg5 Rf5+ 79. Kd6 Rb7 80. f4 Rfb5 81. Ke6 R7b6+ 82. Kf7 Rf5+ 83. Kg7 Rd5 84. Kh6 Rdd6 85. Bd8 Rb8 0-1


[Site "https://www.chess.com"]

[Event "Titled Tuesday Blitz November 22 Early 2022"]
[White "Streltsov, Alexey"]
[Black "Szente Varga, Fruzsina"]
[WhiteFideId "24104434"]
[BlackFideId "712264"]
[WhiteElo "2540"]
[BlackElo "1994"]
[Result "1-0"]
[Round "03"]
[TimeControl "180+1"]
[Date "2022.11.23"]
[WhiteClock "0:00:27"]
[BlackClock "0:00:36"]

1. d4 Nf6 2. Nc3 d5 3. Bf4 g6 4. Qd2 Bg7 5. Bh6 O-O 6. O-O-O c6 7. h4 b5 8. f3 Qa5 9. a3 b4 10. Bxg7 Kxg7 11. Na2 Na6 12. Nxb4 Nxb4 13. Qxb4 Qc7 14. e3 Rb8 15. Qc3 Bd7 16. Bd3 Rb6 17. Ne2 Rfb8 18. b3 Qd6 19. a4 Qa3+ 20. Kd2 h5 21. Ra1 Qd6 22. a5 Rb4 23. Qc5 Qxc5 24. dxc5 e5 25. Nc3 Be6 26. Na2 R4b7 27. b4 Rd8 28. c3 d4 29. cxd4 exd4 30. e4 Bxa2 31. Rxa2 Rxb4 32. Rb1 Rdb8 33. Raa1 Nd7 34. Rxb4 1-0


[Site "https://www.chess.com"]

[Event "Titled Tuesday Blitz November 22 Early 2022"]
[White "Svane, Rasmus"]
[Black "Kosakowski, Jakub"]
[WhiteFideId "4657101"]
[BlackFideId "1185080"]
[WhiteElo "2674"]
[BlackElo "2463"]
[Result "1-0"]
[Round "03"]
[TimeControl "180+1"]
[Date "2022.11.22"]
[WhiteClock "0:00:12"]
[BlackClock "0:00:02"]

1. Nf3 d5 2. g3 Nd7 3. d4 Nb6 4. Nc3 Nf6 5. Bg2 g6 6. a4 a5 7. O-O Bg7 8. b3 O-O 9. Ba3 Re8 10. e3 Bg4 11. h3 Bxf3 12. Bxf3 c6 13. Ne2 e5 14. Bb2 e4 15. Bg2 h5 16. Rc1 Bf8 17. c4 h4 18. g4 Nh7 19. cxd5 cxd5 20. Nc3 Ng5 21. Nb5 Rc8 22. Qe2 Qd7 23. Na7 Rxc1 24. Rxc1 f5 25. Nb5 fxg4 26. Qxg4 Qxg4 27. hxg4 Bb4 28. Bc3 Rc8 29. Bb2 Rf8 30. Bc3 Bxc3 31. Rxc3 h3 32. Bh1 Nd7 33. Nd6 Nf6 34. Rc8 Rxc8 35. Nxc8 Nxg4 36. Ne7+ Kf7 37. Nxd5 Nf3+ 38. Kf1 g5 39. Nc3 Nf6 40. Nxe4 Nxe4 41. Bxf3 Nd2+ 42. Ke2 g4 43. Bd5+ Kf6 44. Kxd2 1-0


[Site "https://www.chess.com"]

[Event "Titled Tuesday Blitz November 22 Early 2022"]
[White "Tabatabaei, M. Amin"]
[Black "Tanenbaum, Zachary"]
[WhiteFideId "12521213"]
[BlackFideId "2060850"]
[WhiteElo "2557"]
[BlackElo "2175"]
[Result "0-1"]
[Round "03"]
[TimeControl "180+1"]
[Date "2022.11.22"]
[WhiteClock "0:00:03"]
[BlackClock "0:00:38"]

1. d4 d5 2. Nf3 Nf6 3. c3 c6 4. Qc2 Bg4 5. Ne5 Bh5 6. Qf5 Bg6 7. Qh3 Bxb1 8. Rxb1 Nbd7 9. g4 Nxe5 10. dxe5 Nd7 11. e6 fxe6 12. g5 Nc5 13. Be3 Ne4 14. Qxe6 Qd6 15. Bh3 g6 16. f3 Nc5 17. Bxc5 Qxc5 18. Qd7+ Kf7 19. Qe6+ Ke8 20. Qe5 Rg8 21. Be6 Bg7 22. Qc7 Rh8 23. Qxb7 Rd8 24. h3 Be5 25. Qb4 Qe3 26. Qg4 d4 27. Qg1 Qf4 28. Kf1 d3 29. Qf2 dxe2+ 30. Qxe2 Rd2 31. Qe4 Qg3 32. Qxc6+ Kf8 33. Qc8+ Kg7 34. Qc5 Qg2+ 0-1


[Site "https://www.chess.com"]

[Event "Titled Tuesday Blitz November 22 Early 2022"]
[White "Thorhallsson, Simon"]
[Black "Lakshmi C"]
[WhiteFideId "2310090"]
[BlackFideId "25035347"]
[WhiteElo "2109"]
[BlackElo "1865"]
[Result "1-0"]
[Round "03"]
[TimeControl "180+1"]
[Date "2022.11.23"]
[WhiteClock "0:00:39"]
[BlackClock "0:00:01"]

1. Nf3 Nf6 2. d4 e6 3. e3 d5 4. Bd3 Bd6 5. b3 O-O 6. Bb2 Nbd7 7. O-O Re8 8. Nbd2 e5 9. dxe5 Nxe5 10. Nxe5 Bxe5 11. Bxe5 Rxe5 12. c4 c6 13. Qf3 Bg4 14. Qf4 Re8 15. Bf5 Bxf5 16. Qxf5 Qd6 17. Rfd1 Re5 18. Qf3 Qe6 19. cxd5 cxd5 20. Nf1 Rf5 21. Qh3 Qe5 22. Ng3 Rg5 23. Rac1 Ng4 24. Rc2 Qe6 25. Ne2 f5 26. Nf4 Qe4 27. Rcd2 Ne5 28. Kh1 Qb4 29. Nxd5 Qa3 30. Qh4 h6 31. Qf4 Kh8 32. Qxe5 1-0


[Site "https://www.chess.com"]

[Event "Titled Tuesday Blitz November 22 Early 2022"]
[White "Timofeev, Artyom"]
[Black "Ezat, Mohamed"]
[WhiteFideId "4140419"]
[BlackFideId "10600906"]
[WhiteElo "2586"]
[BlackElo "2386"]
[Result "1/2-1/2"]
[Round "03"]
[TimeControl "180+1"]
[Date "2022.11.23"]
[WhiteClock "0:01:36"]
[BlackClock "0:01:06"]

1. d4 Nf6 2. Bf4 d5 3. Nc3 c5 4. e3 cxd4 5. exd4 a6 6. Nf3 Bg4 7. h3 Bxf3 8. Qxf3 Nc6 9. O-O-O e6 10. g4 Bb4 11. g5 Nd7 12. h4 Qa5 13. a3 Bxc3 14. Qxc3 Qxc3 15. bxc3 Nb6 16. Kd2 Na5 17. Bd3 Rc8 18. h5 Kd7 19. g6 hxg6 20. hxg6 fxg6 21. Rxh8 Rxh8 22. Rg1 Rf8 23. Be3 Nac4+ 24. Ke2 Nxa3 25. Rxg6 Rf7 26. Rg1 Nbc4 27. Bg6 Rf8 28. Bd3 Rf7 29. Bg6 Rf8 30. Bd3 Rf7 1/2-1/2


[Site "https://www.chess.com"]

[Event "Titled Tuesday Blitz November 22 Early 2022"]
[White "Tristan, Leonardo"]
[Black "Bluebaum, Matthias"]
[WhiteFideId "113816"]
[BlackFideId "24651516"]
[WhiteElo "2461"]
[BlackElo "2633"]
[Result "0-1"]
[Round "03"]
[TimeControl "180+1"]
[Date "2022.11.22"]
[WhiteClock "0:01:33"]
[BlackClock "0:00:43"]

1. d4 Nf6 2. Nf3 d5 3. Bf4 c5 4. e3 Nc6 5. Nbd2 cxd4 6. exd4 Qb6 7. Nb3 Bf5 8. a4 a6 9. a5 Qd8 10. Ne5 e6 11. Nxc6 bxc6 12. Bd3 Bxd3 13. Qxd3 Be7 14. O-O O-O 15. Nc5 Bxc5 16. dxc5 Re8 17. Be5 Ne4 18. b4 f6 19. Bb2 Qb8 20. f3 Nxc5 21. Qc3 Nd7 22. Qxc6 Qxb4 23. Ba3 Qd4+ 24. Kh1 Ne5 25. Qb7 Nc4 26. Be7 Ra7 27. Qc6 Rexe7 28. Rab1 h5 29. Rb8+ Kh7 30. Qc8 Qe5 31. Qh8+ Kg6 32. g4 hxg4 33. Rg1 Ne3 34. h3 Qh5 35. Qxh5+ Kxh5 36. hxg4+ Kg6 37. Kh2 Reb7 38. Rc8 Rc7 39. Rb8 Rxc2+ 40. Kg3 e5 41. Rh1 Rac7 42. f4 exf4+ 43. Kxf4 Ng2+ 44. Kg3 R7c3+ 0-1


[Site "https://www.chess.com"]

[Event "Titled Tuesday Blitz November 22 Early 2022"]
[White "Tsaruk, Maksim"]
[Black "Le, Tuan Minh"]
[WhiteFideId "13511173"]
[BlackFideId "12401153"]
[WhiteElo "2300"]
[BlackElo "2530"]
[Result "1-0"]
[Round "03"]
[TimeControl "180+1"]
[Date "2022.11.22"]
[WhiteClock "0:00:03"]
[BlackClock "0:00:01"]

1. e4 c5 2. Nf3 Nf6 3. e5 Nd5 4. Nc3 e6 5. Ne4 f5 6. exf6 Nxf6 7. Nxf6+ Qxf6 8. d4 cxd4 9. Qxd4 Nc6 10. Qxf6 gxf6 11. g3 d5 12. c3 e5 13. Bg2 Bc5 14. O-O Be6 15. Bh6 Kf7 16. Rad1 Rad8 17. Rfe1 Rhe8 18. b4 Bb6 19. a3 a6 20. Be3 Bxe3 21. Rxe3 Na7 22. a4 Nc8 23. Nd2 Re7 24. Rd3 Red7 25. Nb3 b6 26. a5 e4 27. R3d2 f5 28. Bf1 bxa5 29. Nxa5 Nb6 30. Nc6 Rc8 31. Ne5+ Ke7 32. Nxd7 Nxd7 33. Rxd5 Bxd5 34. Rxd5 Rxc3 35. Rxf5 Rb3 36. Bxa6 Rxb4 37. Kg2 Rb2 38. Kh3 Ke6 39. g4 Ne5 40. Bc8+ Kd6 41. Kg3 Nd3 42. h4 Rc2 43. Bb7 Nc5 44. Bd5 Rd2 45. Bg8 h6 46. Bh7 Nd3 47. g5 hxg5 48. hxg5 Rd1 49. Kg2 Ne1+ 50. Kg3 Nd3 51. Kh2 Ke6 52. Rf6+ Ke5 53. Rf5+ Ke6 54. Rf8 Ke7 55. Rf6 Rd2 56. Kg3 Nc5 57. Rf4 Rd3+ 58. Kg4 Rd4 59. g6 Ne6 60. Rf7+ Ke8 61. g7 Nxg7 62. Rxg7 e3+ 63. Kf3 exf2 64. Kxf2 Rd7 65. Bg6+ Kd8 66. Rg8+ Ke7 67. Be4 Kf6 68. Rg6+ Ke5 69. Ke3 Ra7 70. Rg5+ Kf6 71. Rg6+ Ke5 72. Rh6 Ra3+ 73. Bd3 Rb3 74. Rh5+ Kf6 75. Ra5 Rb4 76. Be4 Ke6 77. Kf4 Kd6 78. Rd5+ Ke6 79. Rc5 Kd6 80. Rc6+ Kd7 81. Rh6 Ke7 82. Ke5 Rb2 83. Rh7+ Kd8 84. Kd6 Rd2+ 85. Bd5 Re2 86. Rd7+ Ke8 87. Rg7 Kd8 88. Ra7 Rc2 89. Rh7 Re2 90. Rg7 Re1 91. Rg2 Re3 92. Bc4 Kc8 93. Rb2 Re1 94. Be6+ 1-0


[Site "https://www.chess.com"]

[Event "Titled Tuesday Blitz November 22 Early 2022"]
[White "Urazayev, Arystanbek"]
[Black "Martic, Ivan"]
[WhiteFideId "13709810"]
[BlackFideId "929301"]
[WhiteElo "2441"]
[BlackElo "2355"]
[Result "1-0"]
[Round "03"]
[TimeControl "180+1"]
[Date "2022.11.23"]
[WhiteClock "0:00:08"]
[BlackClock "0:00:03"]

1. d4 Nf6 2. c4 g6 3. Nc3 d5 4. cxd5 Nxd5 5. g3 Bg7 6. Bg2 Nxc3 7. bxc3 c5 8. Nf3 Qa5 9. Bd2 O-O 10. O-O Qa6 11. a4 Nc6 12. e3 Be6 13. dxc5 Bc4 14. Re1 Rfd8 15. Qc2 Bd3 16. Qa2 Na5 17. Nd4 Rac8 18. Bc1 Rxc5 19. Ba3 Rc7 20. Bb4 b6 21. Red1 Rdc8 22. h4 h5 23. Bd5 Bc4 24. Bxc4 Nxc4 25. Nb5 Rb7 26. Qe2 Ne5 27. Qc2 Nc6 28. Qe4 Nxb4 29. Qxb4 Qa5 30. Qe4 Qa6 31. Rd3 Bf6 32. Rad1 Rbb8 33. Rd7 Ra8 34. Nc7 Rxc7 35. Qxa8+ Rc8 36. Qxc8+ Qxc8 37. Rd8+ Qxd8 38. Rxd8+ Kg7 39. c4 Bc3 40. Ra8 Bb4 41. Rxa7 Kf6 42. Rb7 Bc5 43. Kg2 Ke6 44. Kf3 Kd6 45. Rb8 Kc7 46. Rg8 Bd6 47. g4 hxg4+ 48. Kxg4 Kc6 49. Rc8+ Kd7 50. Rg8 Kc6 51. h5 gxh5+ 52. Kxh5 Kc5 53. Rc8+ Kb4 54. Rc6 Bc5 55. Kg4 Kxa4 56. Kf5 Kb4 57. Ke4 Kxc4 58. Rc8 b5 59. Kf3 b4 60. Ke2 b3 61. Kd2 f5 62. Rc7 Kb4 63. Kd3 Bd6 64. Rb7+ Ka3 65. Kc4 b2 66. Ra7# 1-0


[Site "https://www.chess.com"]

[Event "Titled Tuesday Blitz November 22 Early 2022"]
[White "Urquhart, Ed"]
[Black "Nakamura, Hikaru"]
[WhiteFideId "2603748"]
[BlackFideId "2016192"]
[WhiteElo "2184"]
[BlackElo "2909"]
[Result "0-1"]
[Round "03"]
[TimeControl "180+1"]
[Date "2022.11.23"]
[WhiteClock "0:00:49"]
[BlackClock "0:01:19"]

1. e4 g6 2. d4 Bg7 3. Nc3 a6 4. Bg5 b5 5. Qd2 Bb7 6. a3 d6 7. Nf3 Nd7 8. Be2 c5 9. O-O cxd4 10. Nxd4 Ngf6 11. f3 Rc8 12. Kh1 O-O 13. Bh6 Bxh6 14. Qxh6 e5 15. Nb3 d5 16. exd5 Nxd5 17. Nxd5 Bxd5 18. Rac1 Nb6 19. Rfd1 Qf6 20. Qe3 Rc7 21. Nd2 Rfc8 22. c3 Na4 23. Rb1 Ba2 24. Ra1 Bd5 25. Rab1 Qf4 26. Qxf4 exf4 27. Bd3 Ba2 28. Ra1 Nxb2 29. Rf1 Nxd3 30. Rxa2 Rxc3 31. Ne4 Rc1 32. Ra1 Rxa1 33. Rxa1 f5 34. Nd6 Rc6 35. Nb7 Rc7 36. Na5 Kf7 37. Kg1 Ke6 38. Kf1 Rc2 39. Nb3 Rf2+ 40. Kg1 Rb2 41. Nd4+ Kd5 0-1


[Site "https://www.chess.com"]

[Event "Titled Tuesday Blitz November 22 Early 2022"]
[White "Vaibhav Jayant Raut"]
[Black "Jones, Gawain C B"]
[WhiteFideId "5089034"]
[BlackFideId "409561"]
[WhiteElo "2147"]
[BlackElo "2657"]
[Result "0-1"]
[Round "03"]
[TimeControl "180+1"]
[Date "2022.11.22"]
[WhiteClock "0:00:20"]
[BlackClock "0:00:24"]

1. c4 Nf6 2. g3 g6 3. Bg2 Bg7 4. Nc3 O-O 5. d3 e5 6. e4 c5 7. Nge2 Nc6 8. O-O d6 9. h3 Ne8 10. Be3 Nc7 11. f4 exf4 12. Nxf4 Rb8 13. Qd2 b5 14. b3 b4 15. Ncd5 Nxd5 16. Nxd5 Be6 17. Bg5 Bd4+ 18. Kh1 f6 19. Bh6 Bxa1 20. Rxa1 Rf7 21. Rf1 Bxd5 22. cxd5 Ne5 23. h4 Qd7 24. Bf4 a5 25. Kh2 Ng4+ 26. Kg1 g5 27. hxg5 fxg5 28. Bxg5 Rxf1+ 29. Bxf1 Qg7 30. Bh3 h5 31. Bf4 Rf8 32. Kg2 Qf6 33. Bxg4 hxg4 34. Qe2 Qg6 35. e5 dxe5 36. Qxe5 Re8 37. Qg5 Qxg5 38. Bxg5 Re5 39. Bd8 Rxd5 40. Bxa5 Rxd3 0-1


[Site "https://www.chess.com"]

[Event "Titled Tuesday Blitz November 22 Early 2022"]
[White "Vaishali, Rameshbabu"]
[Black "Rangel, Daniel"]
[WhiteFideId "5091756"]
[BlackFideId "2124475"]
[WhiteElo "2351"]
[BlackElo "2225"]
[Result "0-1"]
[Round "03"]
[TimeControl "180+1"]
[Date "2022.11.23"]
[WhiteClock "0:00:01"]
[BlackClock "0:00:20"]

1. d4 Nf6 2. c4 e6 3. Nc3 d5 4. Nf3 c6 5. Bg5 Nbd7 6. e3 h6 7. Bh4 g5 8. Bg3 Nh5 9. Be2 Nxg3 10. hxg3 Bg7 11. Qc2 Qb6 12. O-O-O Qa5 13. e4 dxc4 14. Bxc4 b5 15. Bb3 Bb7 16. Kb1 c5 17. dxc5 Nxc5 18. Nd2 Rc8 19. Rde1 b4 20. Nd5 Nxb3 21. Qxb3 exd5 22. exd5+ Kf8 23. Nc4 Qxd5 24. Qxb4+ Kg8 25. Nd6 Rb8 26. Re7 Bf8 27. Rd7 Bxd6 28. Rxd6 Qe4+ 29. Qxe4 Bxe4+ 30. Ka1 Bxg2 31. Rhxh6 Rxh6 32. Rxh6 Kg7 33. Ra6 Rb7 34. a3 Bd5 35. b4 Be6 36. Kb2 Rd7 37. Kc3 g4 38. a4 Rd1 39. Rxa7 Rf1 40. b5 Rxf2 41. b6 Rf3+ 42. Kd4 Rxg3 43. a5 Rb3 44. b7 g3 45. a6 g2 0-1


[Site "https://www.chess.com"]

[Event "Titled Tuesday Blitz November 22 Early 2022"]
[White "Vakhlamov, Igor L."]
[Black "Fernandez Garcia, Gumersindo"]
[WhiteFideId "24126748"]
[BlackFideId "24516740"]
[WhiteElo "2401"]
[BlackElo "2140"]
[Result "1-0"]
[Round "03"]
[TimeControl "180+1"]
[Date "2022.11.23"]
[WhiteClock "0:01:05"]
[BlackClock "0:00:06"]

1. e4 c5 2. Nf3 g6 3. Nc3 Bg7 4. d4 cxd4 5. Nxd4 Nc6 6. Nxc6 bxc6 7. Bc4 Nf6 8. e5 Nd5 9. Nxd5 cxd5 10. Qxd5 O-O 11. Qxa8 Qa5+ 12. c3 Qxe5+ 13. Be3 Qc7 14. Qe4 Bb7 15. Bd5 Ba6 16. Bd4 e6 17. Bb3 Bb7 18. Qg4 e5 19. Be3 Ba6 20. O-O-O d6 21. Rd2 Kh8 22. Rhd1 f5 23. Qa4 Bc8 24. Rxd6 a6 25. Qc4 Qb7 26. Rd8 Qe7 27. Qg8+ 1-0


[Site "https://www.chess.com"]

[Event "Titled Tuesday Blitz November 22 Early 2022"]
[White "Vlassov, Nikolai"]
[Black "Kopylov, Alexander A."]
[WhiteFideId "4103360"]
[BlackFideId "4164857"]
[WhiteElo "2324"]
[BlackElo "2436"]
[Result "1-0"]
[Round "03"]
[TimeControl "180+1"]
[Date "2022.11.23"]
[WhiteClock "0:00:17"]
[BlackClock "0:00:17"]

1. e4 e5 2. Bc4 Nc6 3. f4 exf4 4. d4 Nf6 5. Nc3 Bb4 6. Ne2 d5 7. exd5 Nxd5 8. O-O Bxc3 9. Nxc3 Nxc3 10. bxc3 O-O 11. Ba3 Re8 12. Rxf4 Qg5 13. Bxf7+ Kh8 14. Qf3 Rd8 15. Rf1 Bd7 16. Bc1 Qe7 17. Re4 Qd6 18. Qh5 Rf8 19. Bf4 Qa3 20. Bxc7 h6 21. d5 Ne7 22. Be5 Qa6 23. d6 Qb6+ 24. Kh1 Ng8 25. Qg6 Bc6 26. Qxg7# 1-0


[Site "https://www.chess.com"]

[Event "Titled Tuesday Blitz November 22 Early 2022"]
[White "Weetik, Vjacheslav"]
[Black "Shubenkova, Veronika"]
[WhiteFideId "4153472"]
[BlackFideId "44124040"]
[WhiteElo "2469"]
[BlackElo "2027"]
[Result "1-0"]
[Round "03"]
[TimeControl "180+1"]
[Date "2022.11.23"]
[WhiteClock "0:00:08"]
[BlackClock "0:00:20"]

1. d4 d5 2. Nf3 Nf6 3. c4 e6 4. g3 Be7 5. Bg2 O-O 6. O-O c6 7. Qc2 Ne4 8. Nbd2 f5 9. Ne5 Nd7 10. Nd3 Bf6 11. Nf3 Qc7 12. Bf4 Qa5 13. b4 Qd8 14. a4 g5 15. Be3 Qc7 16. Rfc1 g4 17. Nd2 Qd6 18. Bf4 Qe7 19. e3 Rf7 20. b5 Nf8 21. Ne5 Bd7 22. Nxf7 Qxf7 23. Nxe4 fxe4 24. bxc6 Bxc6 25. cxd5 exd5 26. a5 a6 27. Rab1 Ng6 28. Rb6 Nxf4 29. gxf4 Kh8 30. Rxc6 bxc6 31. Qxc6 Rg8 32. Rc5 Rb8 33. Rc1 h5 34. Qxa6 h4 35. Qd6 Rg8 36. Rc7 Qg6 37. Rc6 Kg7 38. a6 g3 39. fxg3 hxg3 40. h3 Rf8 41. a7 Qh5 42. Qd7+ Rf7 43. Qxf7+ Kxf7 44. a8=Q Qd1+ 45. Bf1 Qf3 46. Rc7+ Kg6 47. Qg8+ Kf5 48. Qxd5+ Kg6 49. Qg8+ Kf5 50. Rc5+ Be5 51. Rxe5+ Kf6 52. Qg5+ Kf7 53. Re7+ Kf8 54. Qg7# 1-0


[Site "https://www.chess.com"]

[Event "Titled Tuesday Blitz November 22 Early 2022"]
[White "Williams, Simon K"]
[Black "Maung, Maung Kyaw Zaw Hein"]
[WhiteFideId "404454"]
[BlackFideId "13001698"]
[WhiteElo "2468"]
[BlackElo "2019"]
[Result "1-0"]
[Round "03"]
[TimeControl "180+1"]
[Date "2022.11.23"]
[WhiteClock "0:01:42"]
[BlackClock "0:01:36"]

1. d4 d5 2. c4 c6 3. Nc3 Nf6 4. Nf3 e6 5. Bg5 dxc4 6. e4 h6 7. Bh4 g5 8. Bg3 b5 9. e5 Nd5 10. Nd2 b4 11. Nce4 c3 12. Nc4 Ba6 13. Ncd6+ Bxd6 14. Nxd6+ Kf8 15. bxc3 Bxf1 16. Kxf1 bxc3 17. h4 c5 18. dxc5 Nc6 19. Qh5 Qe7 20. hxg5 Nd4 21. gxh6 Rh7 22. Rh4 Nf5 23. Nxf5 exf5 24. Qxf5 Kg8 25. Rg4+ Kh8 26. e6 Qxe6 27. Qxe6 fxe6 28. Be5+ 1-0


[Site "https://www.chess.com"]